MLB
TAMPA BAY RAYS @ KANSAS CITY ROYALS
03/06/2099
 
TOP OF THE 1ST
Tampa Bay Rays batting - Pitching for Kansas City Royals : RHP Matt Poerio
Pitching: RHP Matt Poerio
Batting: LHB Ray Behm 0-0: Ball
1-0: Foul Ball, location: 23F
1-1: Ground out 4-3 (Groundball, 34D, EV 98.8 MPH)
Batting: RHB Dave Taylor 0-0: Fly out, F8 (Flyball, 8RS, EV 92.5 MPH)
Batting: RHB Pedro Porras 0-0: Ball
1-0: Ball
2-0: Ball
3-0: Swinging Strike
3-1: Fly out, F7 (Flyball, 78S, EV 85.0 MPH)
Top of the 1st over - 0 runs, 0 hits, 0 errors, 0 left on base; Tampa Bay 0 - Kansas City 0
BOTTOM OF THE 1ST
Kansas City Royals batting - Pitching for Tampa Bay Rays : LHP Mike Garrett
Pitching: LHP Mike Garrett
Batting: RHB Maurice Groen 0-0: Ground out 5-3 (Groundball, 25, EV 90.0 MPH)
Batting: RHB Travis Bernsen 0-0: Called Strike
0-1: SINGLE (Line Drive, 56, EV 99.4 MPH)
Batting: LHB Jorge Castillo 0-0: Ball
1-0: Called Strike
1-1: Swinging Strike
1-2: Strikes out swinging
Batting: RHB Alex Rios 0-0: SINGLE (Groundball, 4MD, EV 96.3 MPH)
Travis Bernsen to second
Runner from 2nd tries for 3rd, SAFE, no throw by CF
Batting: LHB Mike Andreas 0-0: Ball
1-0: Ball
2-0: Swinging Strike
2-1: Ball
3-1: Base on Balls
Alex Rios to second
Batting: SHB Bobby Noriega 0-0: Ball
1-0: Called Strike
1-1: Fly out, F8 (Flyball, 8RM, EV 93.8 MPH)
Bottom of the 1st over - 0 runs, 2 hits, 0 errors, 3 left on base; Tampa Bay 0 - Kansas City 0
TOP OF THE 2ND
Tampa Bay Rays batting - Pitching for Kansas City Royals : RHP Matt Poerio
Batting: RHB Kevin Schulz 0-0: Called Strike
0-1: Fly out, F8 (Flyball, 8LS, EV 88.8 MPH)
Batting: LHB Jose Alcantar 0-0: Ball
1-0: Ground out 6-3 (Groundball, 6MS, EV 79.4 MPH)
Batting: SHB Willie Torres 0-0: Foul Ball, location: 7LMF
0-1: Ball
1-1: Swinging Strike
1-2: Ball
2-2: Foul Ball, location: 23FF
2-2: Ground out 5-3 (Groundball, 56, EV 85.6 MPH)
Top of the 2nd over - 0 runs, 0 hits, 0 errors, 0 left on base; Tampa Bay 0 - Kansas City 0
BOTTOM OF THE 2ND
Kansas City Royals batting - Pitching for Tampa Bay Rays : LHP Mike Garrett
Batting: RHB Jacob Huckaby 0-0: Called Strike
0-1: Ball
1-1: Ball
2-1: Foul Ball, location: 9LSF
2-2: Fly out, F9 (Flyball, 9D, EV 97.5 MPH)
Batting: RHB Jayden Oden 0-0: Ball
1-0: Foul Ball, location: 25F
1-1: Ball
2-1: SINGLE (Groundball, 6S, EV 60.6 MPH) (infield hit)
Batting: RHB Roberto Borunda 0-0: Ball
1-0: Called Strike
1-1: Fly out, F5 (Line Drive, 5L, EV 68.8 MPH)
Batting: RHB Maurice Groen 0-0: Called Strike
0-1: Ball
1-1: Fielders Choice at 2nd, 5-4 (Groundball, 56, EV 79.4 MPH)
Bottom of the 2nd over - 0 runs, 1 hit, 0 errors, 1 left on base; Tampa Bay 0 - Kansas City 0
TOP OF THE 3RD
Tampa Bay Rays batting - Pitching for Kansas City Royals : RHP Matt Poerio
Batting: RHB Mel Garcia 0-0: Ball
1-0: Ball
2-0: DOUBLE (Groundball, 5L, EV 100.6 MPH)
Batting: RHB Estaçio Barrocas 0-0: Bunted foul
0-1: Ball
1-1: Bunt missed!
1-2: Foul Ball, location: 25F
1-2: Strikes out swinging
Batting: RHB Mark Fousek 0-0: Called Strike
0-1: SINGLE (Line Drive, 89S, EV 103.8 MPH)
Mel Garcia to third
Batting: LHB Ray Behm 0-0: Called Strike
0-1: Swinging Strike
0-2: Ball
1-2: Strikes out looking
Batting: RHB Dave Taylor 0-0: Ball
1-0: Called Strike
1-1: Fly out, F8 (Line Drive, 78D, EV 93.1 MPH)
Top of the 3rd over - 0 runs, 2 hits, 0 errors, 2 left on base; Tampa Bay 0 - Kansas City 0
BOTTOM OF THE 3RD
Kansas City Royals batting - Pitching for Tampa Bay Rays : LHP Mike Garrett
Batting: RHB Travis Bernsen 0-0: DOUBLE (Line Drive, 78D, EV 103.8 MPH)
Batting: LHB Jorge Castillo 0-0: Ball
1-0: Called Strike
1-1: Foul Ball, location: 7LDF
1-2: Ground out 3-1 (Groundball, 34, EV 103.8 MPH)
Travis Bernsen to third
Batting: RHB Alex Rios 0-0: Called Strike
0-1: Foul Ball, location: 23F
0-2: Ball
1-2: Strikes out swinging
Batting: LHB Mike Andreas 0-0: Swinging Strike
0-1: Called Strike
0-2: Ball
1-2: Ball
2-2: Foul Ball, location: 2F
2-2: SINGLE (Line Drive, 4D, EV 94.4 MPH)
Travis Bernsen scores
Batting: SHB Bobby Noriega 0-0: Called Strike
Mike Andreas steals 2nd base
0-1: Swinging Strike
0-2: Ball
1-2: Foul Ball, location: 2F
1-2: Strikes out swinging
Bottom of the 3rd over - 1 run, 2 hits, 0 errors, 1 left on base; Tampa Bay 0 - Kansas City 1
TOP OF THE 4TH
Tampa Bay Rays batting - Pitching for Kansas City Royals : RHP Matt Poerio
Batting: RHB Pedro Porras 0-0: Fly out, F8 (Flyball, 8RXD, EV 98.1 MPH)
Batting: RHB Kevin Schulz 0-0: Called Strike
0-1: Ball
1-1: Swinging Strike
1-2: Strikes out looking
Batting: LHB Jose Alcantar 0-0: Ball
1-0: Ball
2-0: Foul Ball, location: 2F
2-1: DOUBLE (Flyball, 8LXD, EV 103.8 MPH)
Batting: SHB Willie Torres 0-0: Called Strike
0-1: Ball
1-1: Ball
2-1: Called Strike
2-2: Foul Ball, location: 2F
2-2: DOUBLE (Flyball, 89XD, EV 96.9 MPH)
Jose Alcantar scores
Batting: RHB Mel Garcia 0-0: Called Strike
0-1: Ball
1-1: Ball
2-1: Ground out 5-3 (Groundball, 56, EV 88.1 MPH)
Top of the 4th over - 1 run, 2 hits, 0 errors, 1 left on base; Tampa Bay 1 - Kansas City 1
BOTTOM OF THE 4TH
Kansas City Royals batting - Pitching for Tampa Bay Rays : LHP Mike Garrett
Batting: RHB Jacob Huckaby 0-0: Ball
1-0: Ground out 5-3 (Groundball, 56, EV 83.8 MPH)
Batting: RHB Jayden Oden 0-0: Ball
1-0: Ground out 5-3 (Groundball, 56S, EV 83.1 MPH)
Batting: RHB Roberto Borunda 0-0: Ball
1-0: Called Strike
1-1: Ball
2-1: Ball
3-1: Foul Ball, location: 9LMFF
3-2: Ground out 4-3 (Groundball, 4, EV 87.5 MPH)
Bottom of the 4th over - 0 runs, 0 hits, 0 errors, 0 left on base; Tampa Bay 1 - Kansas City 1
TOP OF THE 5TH
Tampa Bay Rays batting - Pitching for Kansas City Royals : RHP Matt Poerio
Now at 1B: Trent Poynter
Now at SS: Sam Gilpin
Now in LF: Jorge Castillo
Now in CF: Kyle Mellecker
Now in RF: Bobby Sells
Batting: RHB Estaçio Barrocas 0-0: Ball
1-0: Ball
2-0: Called Strike
2-1: Ball
3-1: Called Strike
3-2: Foul Ball, location: 2F
3-2: Strikes out swinging
Batting: RHB Mark Fousek 0-0: Ball
1-0: Ball
2-0: Ball
3-0: Called Strike
3-1: Ground out 6-3 (Groundball, 4M, EV 105.0 MPH)
Batting: LHB Ray Behm 0-0: Fly out, F9 (Line Drive, 9, EV 91.9 MPH)
Top of the 5th over - 0 runs, 0 hits, 0 errors, 0 left on base; Tampa Bay 1 - Kansas City 1
BOTTOM OF THE 5TH
Kansas City Royals batting - Pitching for Tampa Bay Rays : LHP Mike Garrett
Now at C: Edgar Guerrero
Now at 2B: Ryan Takach
Now at 3B: Allen Castellanos
Batting: RHB Maurice Groen 0-0: Swinging Strike
0-1: Called Strike
0-2: Ball
1-2: Ball
2-2: Fly out, F9 (Flyball, 89M, EV 93.1 MPH)
Batting: RHB Travis Bernsen 0-0: Ball
1-0: Ball
2-0: Called Strike
2-1: Ball
3-1: Fly out, F8 (Flyball, 8RXD, EV 94.4 MPH)
Batting: LHB Jorge Castillo 0-0: Ball
1-0: Called Strike
1-1: Foul Ball, location: 7LDF
1-2: Foul Ball, location: 7LSF
1-2: Ground out 5-3 (Groundball, 56, EV 106.3 MPH)
Bottom of the 5th over - 0 runs, 0 hits, 0 errors, 0 left on base; Tampa Bay 1 - Kansas City 1
TOP OF THE 6TH
Tampa Bay Rays batting - Pitching for Kansas City Royals : RHP Matt Poerio
Pitching: RHP George Dunham
Pinch Hitting: RHB Cesar Escamilla 0-0: Hit by Pitch
Batting: RHB Pat Zinn 0-0: Ball
1-0: Ball
2-0: Ball
3-0: Base on Balls
Cesar Escamilla to second
Pinch Hitting: RHB Dave Quintero 0-0: Swinging Strike
0-1: Foul Ball, location: 2F
0-2: Ball
1-2: Ball
2-2: Ball
3-2: Base on Balls
Cesar Escamilla to third
Pat Zinn to second
Pinch Hitting: LHB George Elkins 0-0: Ball
1-0: Swinging Strike
1-1: GRAND SLAM HOME RUN (Flyball, 78XD, EV 106.3 MPH), Distance : 446 ft
Pitching: RHP Nick Haines
Batting: RHB Allen Castellanos 0-0: Ball
1-0: Ball
2-0: Foul Ball, location: 3SF
2-1: Ground out 6-3 (Groundball, 6, EV 77.5 MPH)
Batting: SHB Ryan Takach 0-0: Called Strike
0-1: Ball
1-1: Ball
2-1: Foul Ball, location: 3SF
2-2: Foul Ball, location: 7LMF
2-2: Strikes out swinging
Pinch Hitting: RHB Jamie Huggins 0-0: DOUBLE (Line Drive, 9LS, EV 93.1 MPH)
Batting: RHB Edgar Guerrero 0-0: Ball
1-0: Called Strike
1-1: Foul Ball, location: 3DF
1-2: Ball
2-2: Foul Ball, location: 9LSF
2-2: SINGLE (Groundball, 34D, EV 97.5 MPH)
Jamie Huggins to third
Runner from 3rd tries for Home, SAFE, throw by RF to home
Pinch Hitting: RHB Eric Watts 0-0: Ball
1-0: Ground out 4-3 (Groundball, 4, EV 78.8 MPH)
Top of the 6th over - 5 runs, 3 hits, 0 errors, 1 left on base; Tampa Bay 6 - Kansas City 1
BOTTOM OF THE 6TH
Kansas City Royals batting - Pitching for Tampa Bay Rays : LHP Mike Garrett
Pitching: LHP Antonio Quevedo
Now at 1B: Bettino Sanguinacco
Now at SS: Jamie Huggins
Now in LF: Dave Quintero
Now in CF: George Elkins
Now in RF: Paul Haynes
Pinch Hitting: RHB Kevin Stark 0-0: Ball
1-0: Ball
2-0: Ball
3-0: Called Strike
3-1: Fly out, F8 (Flyball, 8RM, EV 81.3 MPH)
Batting: RHB Trent Poynter 0-0: Ball
1-0: Ball
2-0: Ball
3-0: Base on Balls
Batting: RHB Bobby Sells 0-0: Called Strike
0-1: SINGLE (Line Drive, 56, EV 101.3 MPH)
Trent Poynter to second
Batting: RHB Kyle Mellecker 0-0: SINGLE (Flyball, 34D, EV 87.5 MPH)
Trent Poynter to third
Bobby Sells to second
Batting: RHB Sam Gilpin 0-0: Ball
1-0: Ball
2-0: Ball
3-0: Base on Balls
Trent Poynter scores
Bobby Sells to third
Kyle Mellecker to second
Batting: RHB Roberto Borunda 0-0: Ball
Wild Pitch!
Bobby Sells scores
Kyle Mellecker to third
Sam Gilpin to second
1-0: Called Strike
1-1: Swinging Strike
1-2: Strikes out swinging
Pitching: RHP Manny Vara
Pinch Hitting: LHB Danny Bonilla 0-0: Ball
1-0: Swinging Strike
1-1: Called Strike
1-2: Fly out, F8 (Line Drive, 8LM, EV 98.1 MPH)
Bottom of the 6th over - 2 runs, 2 hits, 0 errors, 2 left on base; Tampa Bay 6 - Kansas City 3
TOP OF THE 7TH
Tampa Bay Rays batting - Pitching for Kansas City Royals : RHP Nick Haines
Now at 2B: Danny Bonilla
Now at 3B: Kevin Stark
Batting: LHB Bettino Sanguinacco 0-0: Called Strike
0-1: Foul Ball, location: 7LDF
0-2: Strikes out looking
Batting: RHB Pat Zinn 0-0: Ball
1-0: Foul Ball, location: 3F
1-1: Ball
2-1: Ground out 1-3 (Groundball, P, EV 62.5 MPH)
Batting: RHB Dave Quintero 0-0: Ball
1-0: Swinging Strike
1-1: Foul Ball, location: 2F
1-2: Ball
2-2: Strikes out swinging, 2-3 out at first.
Top of the 7th over - 0 runs, 0 hits, 0 errors, 0 left on base; Tampa Bay 6 - Kansas City 3
BOTTOM OF THE 7TH
Kansas City Royals batting - Pitching for Tampa Bay Rays : RHP Manny Vara
Pitching: RHP Jesus Jauregui
Batting: RHB Jordan Baeza 0-0: Ball
1-0: Called Strike
1-1: Foul Ball, location: 2LF
1-2: Foul Ball, location: 9LSF
1-2: Ground out 5-3 (Groundball, 5, EV 82.5 MPH)
Pinch Hitting: LHB Tony Monterosa 0-0: Called Strike
0-1: Ball
1-1: SINGLE (Groundball, 6M, EV 77.5 MPH)
Batting: RHB Kevin Stark 0-0: Called Strike
0-1: Called Strike
0-2: Fly out, F9 (Flyball, 9LM, EV 83.8 MPH)
Batting: RHB Trent Poynter 0-0: Called Strike
Tony Monterosa is caught stealing 2nd base 2-4
Bottom of the 7th over - 0 runs, 1 hit, 0 errors, 0 left on base; Tampa Bay 6 - Kansas City 3
TOP OF THE 8TH
Tampa Bay Rays batting - Pitching for Kansas City Royals : RHP Nick Haines
Pitching: LHP Brian Clute
Now in LF: Tony Monterosa
Batting: LHB George Elkins 0-0: Foul Ball, location: 3F
0-1: Ball
1-1: Fly out, F9 (Flyball, 89M, EV 98.1 MPH)
Batting: RHB Allen Castellanos 0-0: Called Strike
0-1: Foul Ball, location: 3F
0-2: Ball
1-2: Ball
2-2: Foul Ball, location: 9LSF
2-2: Foul Ball, location: 3DF
2-2: Foul Ball, location: 2F
2-2: Foul Ball, location: 5F
2-2: Foul Ball, location: 25F
2-2: SINGLE (Flyball, 8LS, EV 96.3 MPH)
Batting: SHB Ryan Takach 0-0: Ground out 4-3 (Groundball, 13, EV 88.1 MPH)
Allen Castellanos to second
Pitching: LHP B.J. Edwards
Batting: RHB Jamie Huggins 0-0: Ground out 5-3 (Groundball, 5, EV 88.8 MPH)
Top of the 8th over - 0 runs, 1 hit, 0 errors, 1 left on base; Tampa Bay 6 - Kansas City 3
BOTTOM OF THE 8TH
Kansas City Royals batting - Pitching for Tampa Bay Rays : RHP Jesus Jauregui
Batting: RHB Trent Poynter 0-0: Ball
1-0: Called Strike
1-1: Foul Ball, location: 5F
1-2: Foul Ball, location: 9LMF
1-2: Foul Ball, location: 3FF
1-2: Foul Ball, location: 3FF
1-2: Ball
2-2: SOLO HOME RUN (Flyball, 89XD, EV 111.3 MPH), Distance : 424 ft
Batting: RHB Bobby Sells 0-0: Called Strike
0-1: Swinging Strike
0-2: Foul Ball, location: 5FF
0-2: Ball
1-2: Foul Ball, location: 3F
1-2: Strikes out looking
Batting: RHB Kyle Mellecker 0-0: Ball
1-0: Foul Ball, location: 2F
1-1: Foul Ball, location: 5F
1-2: Ball
2-2: Strikes out looking
Batting: RHB Sam Gilpin 0-0: Called Strike
0-1: Ground out 6-3 (Groundball, 6, EV 88.8 MPH)
Bottom of the 8th over - 1 run, 1 hit, 0 errors, 0 left on base; Tampa Bay 6 - Kansas City 4
TOP OF THE 9TH
Tampa Bay Rays batting - Pitching for Kansas City Royals : LHP B.J. Edwards
Batting: RHB Edgar Guerrero 0-0: Ground out 6-3 (Groundball, 6, EV 110.6 MPH)
Pinch Hitting: RHB Steve Auclair 0-0: Ground out 6-3 (Groundball, 6, EV 92.5 MPH)
Batting: LHB Bettino Sanguinacco 0-0: Called Strike
0-1: Foul Ball, location: 5DF
0-2: Ball
1-2: Strikes out swinging, 2-3 out at first.
Top of the 9th over - 0 runs, 0 hits, 0 errors, 0 left on base; Tampa Bay 6 - Kansas City 4
BOTTOM OF THE 9TH
Kansas City Royals batting - Pitching for Tampa Bay Rays : RHP Jesus Jauregui
Pitching: RHP Josh Carr
Now in RF: Dave Gonzales
Pinch Hitting: LHB Bill Goss 0-0: Called Strike
0-1: Swinging Strike
0-2: Ball
1-2: Ground out 4-3 (Groundball, 34, EV 85.0 MPH)
Batting: LHB Danny Bonilla 0-0: Ground out 4-3 (Groundball, 4, EV 103.8 MPH)
Batting: RHB Jordan Baeza 0-0: Ball
1-0: Fly out, F7 (Flyball, 7, EV 93.8 MPH)
Bottom of the 9th over - 0 runs, 0 hits, 0 errors, 0 left on base; Tampa Bay 6 - Kansas City 4
Tuesday, April 30th , 2024 - OOTP Baseball 24.11 Build 85